 Dungeon Crawl Stone Soup version 0.28-a0-1493-g08698888e4 (webtiles) character file.

Game seed: 12481670399805248120

112 kae the Insei (level 4, -4/33 HPs)
             Began as a Demonspawn Transmuter on Jan 12, 2022.
             Frozen to death by an endoplasm (5 damage)
             ... on level 3 of the Dungeon.
             The game lasted 00:02:13 (3528 turns).

kae the Insei (Demonspawn Transmuter)               Turns: 3528, Time: 00:02:14

Health: -4/33      AC:  2    Str: 10    XL:     4   Next: 63%
Magic:  6/7        EV: 12    Int: 16    God:
Gold:   111        SH:  0    Dex: 14    Spells: 4/8 levels left

rFire   . . .      SeeInvis .     - Unarmed
rCold   . . .      Faith    .   (no shield)
rNeg    . . .      Spirit   .   a - +0 robe
rPois   .          Reflect  .   (helmet currently unavailable)
rElec   .          Harm     .   (no cloak)
rCorr   .          Rampage  .   (no gloves)
Will    .....                   (boots currently unavailable)
Stlth   +.........              (no amulet)
HPRegen 0.11/turn               (no ring)
MPRegen 0.10/turn               (no ring)

@: appendages (expiring)
A: horns 2, talons 2, hooves 1
a: End Transformation


You were on level 3 of the Dungeon.
You had temporarily grown beastly horns and talons.
You visited 1 branch of the dungeon, and saw 3 of its levels.

You collected 111 gold pieces.

Inventory:

Armour
 a - a +0 robe (worn)
Scrolls
 b - a scroll of identify
Potions
 c - a potion of lignification
 d - a potion of cancellation
 e - a potion of ambrosia {unknown}
 f - a potion of invisibility {unknown}


   Skills:
 + Level 2.0 Fighting
 - Level 1.7 Dodging
 * Level 3.5 Unarmed Combat
 + Level 2.6 Spellcasting
 * Level 2.8 Transmutations
 * Level 0.0 Poison Magic


You had 4 spell levels left.
You knew the following spells:

 Your Spells              Type           Power      Damage    Failure   Level
a - Beastly Appendage     Tmut           22%        N/A       6%          1
b - Spider Form           Tmut/Pois      6%         N/A       32%         3

Your spell library contained the following spells:

 Spells                   Type           Power      Damage    Failure   Level
 Wereblood                Tmut           11%        N/A       9%          2
 Scorch                   Fire           4%         2d5       30%         2
 Dazzling Flash           Conj/Hex       4%         N/A       52%         3
 Gell's Gravitas          Tloc           2%         N/A       52%         3
 Inner Flame              Hex/Fire       2%         N/A       52%         3
 Lesser Beckoning         Tloc           2%         N/A       52%         3
 Teleport Other           Tloc           2%         N/A       52%         3
 Tukima's Dance           Hex            2%         N/A       52%         3
 Ice Form                 Ice/Tmut       6%         N/A       71%         4
 Passage of Golubria      Tloc           2%         N/A       89%         4
 Yara's Violent Unravell  Hex/Tmut       3%         3d4       96%         5
 Agony                    Necr           2%         N/A       99%         5
 Silence                  Hex/Air        1%         N/A       99%         5
 Conjure Ball Lightning   Conj/Air       1%         3x3d6     100%        6
 Discord                  Hex            1%         N/A       100%        8
 Disjunction              Tloc           1%         N/A       100%        8


Dungeon Overview and Level Annotations

Branches:
Dungeon (3/15)

Altars:

Shops:
D:2 [


Innate Abilities, Weirdness & Mutations

You have temporarily grown beastly horns and talons.
You have large cloven feet.


Message History

No target in view!
You see here a +0 whip of draining.
Found a chain mail.
A worm comes into view.
Casting: Beastly Appendage (safe; 6% risk of failure)
Confirm with . or Enter, or press ? or * to list all spells.
You grow a pair of large bovine horns.
Your feet morph into talons.
An endoplasm comes into view.
Found 26 sling bullets.
You hit the worm.
The worm is lightly wounded.
The endoplasm quivers.
The worm bites you!
There are monsters nearby!
You hit the worm but do no damage. You claw the worm, but do no damage.
Your punch misses the worm.
The worm is lightly wounded.
You hit the worm. You claw the worm. Your headbutt misses the worm.
The worm is heavily wounded.
The worm bites you!
There are monsters nearby!
You are too injured to fight recklessly!
You are too injured to fight recklessly!
There are monsters nearby!
You are too injured to fight recklessly!
You are too injured to fight recklessly!
You hit the worm.
The worm is heavily wounded.
You hit the worm. You headbutt the worm.
The worm is almost dead.
Your transformation is almost over.
The worm closely misses you.
You barely miss the worm.
You headbutt the worm, but do no damage.
The worm is severely wounded.
The worm bites you!
* * * LOW HITPOINT WARNING * * *
The endoplasm freezes you.
You are frozen.
You die...

####### ## .........#
##.....#.# . .......#[#
.. .......#.# ...
.......#.# ....
......J#.##..........#
......w@.............>#
.......#.##...........#
##(....#.##...........#
###.###.##...........#
#. #.##.......# #.# #
#.##.......###.##
#................
####..†........## #.#.#
##..........(#


You could see a worm and an endoplasm.

Vanquished Creatures
  3 adders (D:3)
  3 worms
  2 dart slugs
  3 orcs (D:3)
  3 bats
  6 endoplasms
  4 giant cockroaches
  5 goblins
  5 hobgoblins
  4 jackals (D:1)
  2 quokkas
  7 ball pythons
  12 frilled lizards
  4 kobolds
  4 rats
67 creatures vanquished.

Vanquished Creatures (others)
  6 plants (D:3)
6 creatures vanquished.

Grand Total: 73 creatures vanquished

Notes
Turn   | Place    | Note
-------+----------+-------------------------------------------
     0 | D:1      | kae the Demonspawn Transmuter began the quest for the Orb.
     0 | D:1      | Reached XP level 1. HP: 15/15 MP: 3/3
   343 | D:1      | Lost mutation: You have razor-sharp toenails. [demonic
                  | ancestry]
   343 | D:1      | Lost mutation: You have sharp toenails. [demonic ancestry]
   343 | D:1      | Gained mutation: You have large cloven feet. [demonic
                  | ancestry]
   343 | D:1      | Reached XP level 2. HP: 21/21 MP: 3/5
   704 | D:1      | Reached skill level 3 in Unarmed Combat
   765 | D:1      | Found a faded altar of an unknown god.
  1092 | D:1      | Reached XP level 3. HP: 18/26 MP: 6/6
  2077 | D:2      | Found Nicozxol's Antique Armour Boutique.
  2357 | D:2      | Identified the +6 short sword "Ezudwoviur" {vorpal, rN+
                  | Str+3 Stlth+}
  2387 | D:2      | Got Acrutigg's Handbook of Flames and Changing
  2722 | D:3      | Reached XP level 4. HP: 33/33 MP: 7/7
  3447 | D:3      | Learned a level 3 spell: Spider Form
  3528 | D:3      | HP: 1/33 [worm (11)]
  3528 | D:3      | Frozen to death by an endoplasm

Illustrated notes

Levels and vault maps discovered:
D:1:      noname_arrival_rooms_in_the_neighbourhood, layout_loops_cross,
          ebering_ecumenical_altar_webs, hangedman_decor_points
D:2:      layout_rooms, serial_shops, shop
D:3:      layout_basic, mainiacjoe_overflow_alcove_2, minmay_lizard_king

Skill      XL: |  1  2  3  4 |
---------------+-------------+-----
Transmutations | 2 |  2.8
Unarmed Combat | 3 |  3.5
Fighting       | 2 |  2.0
Dodging        | |  1.7
Spellcasting   | |  2.6

Action                   |  1- 3 |  4- 6 || total
-------------------------+-------+-------++-------
Melee: Unarmed           |   133 |    45 ||   178
       Kick              |    36 |    11 ||    47
       Headbutt          |    15 |     9 ||    24
       Punch             |     4 |       ||     4
 Cast: Beastly Appendage |    27 |     7 ||    34
  Use: Potion            |     1 |     1 ||     2
       Scroll            |     3 |       ||     3
 Stab: Sleeping          |     1 |       ||     1
Armor: Robe              |    36 |     7 ||    43
Dodge: Dodged            |    85 |    21 ||   106

Table legend: (Time is in decaauts)
 A = Elapsed time spent in this place.
 B = Non-inter-level travel time spent in this place.
 C = Inter-level travel time spent in this place.
 D = Time resting spent in this place.
 E = Time spent auto-exploring this place.
 F = Levels seen in this place.
 G = Mean time per level.
                   A        B        C        D        E       F      G
               +--------+--------+--------+--------+--------+-----+--------+
         Total |   3502 |   3412 |     90 |      9 |   2960 |   3 | 1167.3 |
       Dungeon |   3502 |   3412 |     90 |      9 |   2960 |   3 | 1167.3 |
               +--------+--------+--------+--------+--------+-----+--------+

Top non-repeatable levels by time:
     D:1: 1698 daAuts
     D:3: 1060 daAuts
     D:2: 742 daAuts
